Map: Ascension to Aiur LE

Players

Gemini

  • Race: Protoss Protoss
  • League: Master
  • Spawn Location: 5:00

A.I. 1 (Very Easy) - Winner!

  • Race: Terran Terran
  • Spawn Location: 11:00

VOD

Have the link to the VOD?

Description

Time

  • Played on: June 14, 2017, 2:29 p.m.
  • Length: 7:51
Show
View Real Time Build Order
Export as new Build Order

Gemini Protoss 

Build Orders: 1 Gate Expand, Colossus Rush 

Get SALT Encoding   

  12  0:01  Probe (Chrono Boost)  
  13  0:11  Probe (Chrono Boost)  
  14  0:19  Pylon  
  14  0:22  Probe (Chrono Boost)  
  15  0:37  Probe (Chrono Boost)  
  15  0:38  Gateway  
  16  0:47  Assimilator, Probe (Chrono Boost)  
  17  0:58  Probe (Chrono Boost)  
  18  1:08  Probe (Chrono Boost)  
  19  1:20  Nexus  
  19  1:24  Probe (Chrono Boost)  
  20  1:34  Cybernetics Core  
  20  1:38  Probe (Chrono Boost)  
  21  1:43  Assimilator  
  21  1:48  Probe (Chrono Boost)  
  22  1:55  Pylon  
  22  1:59  Probe (Chrono Boost)  
  23  2:10  Adept  
  23  2:12  Warp Gate  
  23  2:15  Probe (Chrono Boost)  
  26  2:23  Robotics Facility  
  26  2:29  Probe (Chrono Boost)  
  27  2:33  Probe (Chrono Boost)  
  28  2:37  Adept  
  28  2:40  Probe (Chrono Boost)  
  32  2:44  Probe (Chrono Boost)  
  32  2:51  Probe (Chrono Boost)  
  33  2:54  Probe (Chrono Boost)  
  34  3:02  Mothership Core (Chrono Boost)  
  34  3:05  Probe (Chrono Boost)  
  37  3:09  Observer  
  38  3:14  Gateway  
  38  3:15  Probe (Chrono Boost)  
  39  3:20  Pylon  
  39  3:22  Probe (Chrono Boost)  
  39  3:26  Probe (Chrono Boost)  
  41  3:27  Warp Prism  
  44  3:34  Probe (Chrono Boost)  
  44  3:37  Robotics Bay  
  44  3:39  Probe (Chrono Boost)  
  45  3:46  Probe (Chrono Boost)  
  46  3:49  Assimilator x2  
  46  3:50  Probe (Chrono Boost)  
  46  3:53  Pylon  
  47  3:58  Probe (Chrono Boost)  
  47  4:01  Probe (Chrono Boost)  
  50  4:10  Probe (Chrono Boost)  
  50  4:11  Pylon  
  50  4:12  Probe (Chrono Boost)  
  51  4:17  Gravitic Drive  
  51  4:19  Disruptor  
  51  4:23  Probe x2 (Chrono Boost)  
  53  4:29  Stalker  
  58  4:35  Probe (Chrono Boost)  
  58  4:36  Pylon, Probe (Chrono Boost)  
  60  4:44  Forge  
  61  4:47  Probe (Chrono Boost)  
  61  4:48  Probe (Chrono Boost)  
  61  4:50  Colossus  
  62  4:59  Probe (Chrono Boost)  
  70  5:00  Probe (Chrono Boost)  
  70  5:01  Extended Thermal Lance  
  70  5:10  Gateway  
  70  5:11  Gateway  
  70  5:12  Gateway  
  70  5:15  Pylon  
  70  5:17  Probe (Chrono Boost)  
  70  5:20  Protoss Ground Weapons Level 1  
  72  5:23  Probe (Chrono Boost)  
  73  5:30  Gateway, Probe (Chrono Boost)  
  73  5:35  Probe (Chrono Boost)  
  74  5:36  Sentry  
  74  5:38  Stalker  
  78  5:50  Nexus, Colossus  
  78  5:53  Pylon  
  78  6:03  Probe x2 (Chrono Boost)  
  86  6:07  Pylon  
  86  6:12  Sentry  
  86  6:13  Adept  
  86  6:14  Adept  
  86  6:15  Probe x2 (Chrono Boost)  
  94  6:27  Twilight Council, Pylon, Probe x2 (Chrono Boost)  
  94  6:28  Pylon  
  94  6:30  Stalker  
  98  6:37  Colossus  
  98  6:39  Probe x2 (Chrono Boost)  
  106  6:47  Sentry  
  106  6:49  Stalker  
  106  6:51  Probe (Chrono Boost)  
  106  6:52  Probe (Chrono Boost)  
  112  7:04  Probe x3 (Chrono Boost)  
  112  7:05  Assimilator  
  115  7:09  Assimilator  
  115  7:11  Pylon  
  116  7:16  Probe x2 (Chrono Boost)  
  116  7:17  Probe (Chrono Boost)  
  116  7:19  Adept  
  116  7:20  Adept  
  122  7:29  Stalker  
  124  7:30  Pylon, Stalker x2  
  128  7:39  Forge  
  128  7:40  Pylon, Probe (Chrono Boost)  
  131  7:44  Adept x2  
Show
View Real Time Build Order
Export as new Build Order

A.I. 1 (Very Easy) Terran - Winner!

Build Orders: Reaper Expand 

Get SALT Encoding   

  12  0:00  SCV  
  13  0:13  SCV  
  14  0:19  Supply Depot  
  14  0:42  Barracks  
  14  1:03  Command Center  
  14  1:32  Marine, Orbital Command, Supply Depot  
  15  1:38  Refinery  
  15  1:50  Refinery  
  15  1:57  SCV  
  16  2:09  SCV  
  16  2:15  SCV  
  18  2:18  Reaper  
  18  2:22  SCV  
  20  2:29  SCV  
  21  2:36  SCV  
  22  2:43  SCV  
  23  2:50  SCV  
  24  2:58  SCV  
  25  3:04  Refinery, Marine  
  25  3:05  SCV  
  27  3:12  SCV  
  28  3:19  SCV  
  29  3:21  Factory  
  29  3:45  SCV, Refinery  
  30  3:52  SCV, Marine  
  32  3:58  Supply Depot  
  32  3:59  SCV  
  33  4:07  SCV  
  33  4:08  Starport  
  34  4:11  Barracks Tech Lab  
  34  4:14  SCV  
  35  4:21  SCV  
  36  4:28  SCV  
  37  4:32  Supply Depot  
  37  4:35  SCV  
  38  4:39  Marauder  
  38  4:43  SCV  
  41  4:46  Starport Tech Lab  
  41  4:50  SCV  
  42  4:57  SCV  
  43  5:04  SCV  
  43  5:05  Raven  
  46  5:11  SCV  
  47  5:19  SCV  
  48  5:26  Marine  
  49  5:33  SCV  
  45  5:40  SCV  
  46  5:48  SCV, Raven  
  49  5:55  SCV  
  50  6:02  SCV  
  51  6:13  Marine  
  45  6:49  SCV  
  45  7:01  Marauder  
Tags
 
Add a new tag
Caveats
  • Supply blocks, unpowered buildings, or Contaminate may cause inaccurate times.
  • Supply counts are checked every 10 seconds.